cohdb
Replays
Latest Replays
All Replays
Popular Replays
Top Player Replays
Match Explorer
How It Works
Community
CoH3 Stats
Reddit
Sign in to upload your games and track your stats! →
Sign in with Steam
Match 29241412
Unlisted
Match 29241412
Overview
Messages
Build Orders
End
Construct Infanterie Kompanie
Pioneer Squad
Grenadier Squad
Grenadier Squad
Grenadier Squad
Infanterie Officer Quarters
Grenadier Squad
Selects Mechanized Battlegroup
Selects Raid Package
Selects 8 Rad Armored Car
8 Rad Armored Car
Construct Panzergrenadier Kompanie
Pak 40 Anti-tank Gun Team
Medical Station
Pak 40 Anti-tank Gun Team
Panzergrenadier Officer Quarters
ashilrye
豪师傅
Ruby
HulkSMASH
0
0
Comments
sign in to comment!
No comments posted yet!